 Dungeon Crawl Stone Soup version 0.29.1-12-g30fa7ad0bf (webtiles) character file.

Game seed: 16864385591158424713

51 wormed the Trooper (level 3, 0/33 HPs)
             Began as a Ghoul Monk on Dec 24, 2022.
             Slain by a goblin
             ... wielding a +0 club
             ... led by Robin
              (5 damage)
             ... on level 2 of the Dungeon.
             The game lasted 00:02:13 (1026 turns).

wormed the Trooper (Ghoul Monk)                     Turns: 1026, Time: 00:02:14

Health: 0/33       AC:  5    Str: 16    XL:     3   Next: 83%
Magic:  2/2        EV: 11    Int:  5    God:
Gold:   81         SH:  0    Dex: 11    Spells: 2/2 levels left

rFire   . . .      SeeInvis .   d - +1 whip (drain)
rCold   + . .      Faith    .   (no shield)
rNeg    + + +      Spirit   .   f - +0 ring mail
rPois   ∞          Reflect  .   (no helmet)
rElec   .          Harm     .   (no cloak)
rCorr   .          Rampage  .   (no gloves)
Will    .....                   (no boots)
Stlth   +.........              (no amulet)
HPRegen 0.00/turn               (no ring)
MPRegen 0.08/turn               (no ring)

@: inhibited regen
A: claws 1, cold resistance 1, negative energy resistance 3, inhibited
regeneration, torment resistance 2, devour on kill
a: no special abilities


You were on level 2 of the Dungeon.
You visited 1 branch of the dungeon, and saw 2 of its levels.

You collected 81 gold pieces.

Inventory:

Hand Weapons
 d - a +1 whip of draining (weapon)
Armour
 f - a +0 ring mail (worn)
Scrolls
 e - a scroll of amnesia {unknown}
 g - a scroll of teleportation {unknown}
 h - 2 scrolls of identify {unknown}
Potions
 a - 2 potions of mutation {unknown}
 b - a potion of heal wounds {unknown}
 c - a potion of ambrosia


   Skills:
 + Level 3.7 Fighting
 * Level 3.4 Maces & Flails
 + Level 1.1 Armour
 + Level 3.0 Dodging
 - Level 2.1 Stealth


You had 2 spell levels left.
You didn't know any spells.
Your spell library contained the following spells:

 Spells                   Type           Power      Damage    Failure   Level
 Ensorcelled Hibernation  Hex/Ice        0%         N/A       83%         2
 Anguish                  Hex/Necr       0%         N/A       100%        4
 Spider Form              Tmut/Pois      Unusable   N/A       N/A         3

Dungeon Overview and Level Annotations

Branches:
Dungeon (2/15)

Altars:

Shops:
D:1 (

Annotations:
D:2 Robin


Innate Abilities, Weirdness & Mutations

You are immune to poison.
You have sharp fingernails.
Your flesh is cold resistant. (rC+)
You are immune to negative energy. (rN+++)
You do not regenerate when monsters are visible.
You are immune to unholy pain and torment.
You thrive by killing the living.


Message History

The goblin is heavily wounded.
The goblin barely misses you. The goblin hits you but does no damage.
You hit the goblin.
You kill the goblin!
You feel better. The goblin hits you but does no damage.
Robin throws the goblin at you!
You closely miss the goblin. The goblin barely misses you.
The goblin hits you with a +0 dagger.
You closely miss the goblin. The goblin hits you with a +0 dagger.
* * * LOW HITPOINT WARNING * * *
The goblin misses you.
You hit the goblin.
You kill the goblin!
You feel better. The goblin hits you but does no damage.
You hit the goblin.
You kill the goblin!
You feel better.
The goblin no longer looks unusually strong.
A goblin comes into view. It is wielding a +0 dagger.
You miss the goblin.
The hobgoblin no longer looks unusually strong.
Robin throws the goblin at you! The goblin hits you with a +0 club.
You closely miss the goblin. The goblin hits you with a +0 dagger.
* * * LOW HITPOINT WARNING * * *
Robin says, "We wiped out the hill dwarves - you're next!"
Robin roars a battlecry!
The goblins go into a battle-frenzy!
The goblin hits you but does no damage.
You closely miss the goblin.
The goblin no longer looks unusually strong.
The hobgoblin no longer looks unusually strong.
The goblin hits you with a +0 dagger.
* * * LOW HITPOINT WARNING * * *
The goblin barely misses you.
Robin roars a battlecry!
The goblins go into a battle-frenzy!
You barely miss the goblin. The goblin hits you with a +0 dagger.
* * * LOW HITPOINT WARNING * * *
The goblin hits you with a +0 club.
You die...

##.# #..#
#.## #.# #.#
#.# #.#
#.#######.##
#..g@gggg..#
#########...


You could see Robin, 2 hobgoblins and 2 goblins.

Vanquished Creatures
  A worm (D:2)
  5 bats
  5 endoplasms
  A giant cockroach (D:2)
  8 goblins
  5 hobgoblins
  A quokka (D:1)
  4 ball pythons
  2 frilled lizards (D:1)
  6 kobolds
  5 rats
43 creatures vanquished.

Notes
Turn   | Place    | Note
-------+----------+-------------------------------------------
     0 | D:1      | wormed the Ghoul Monk began the quest for the Orb.
     0 | D:1      | Reached XP level 1. HP: 19/19 MP: 0/0
    56 | D:1      | Found Roefec's Weapon Emporium.
   253 | D:1      | Reached XP level 2. HP: 26/26 MP: 1/1
   367 | D:1      | Reached XP level 3. HP: 31/31 MP: 2/2
   775 | D:2      | Reached skill level 1 in Armour
  1007 | D:2      | Noticed Robin
  1026 | D:2      | Slain by a goblin

Illustrated notes

Levels and vault maps discovered:
D:1:      lemuel_arrival_cross, layout_rooms, serial_shops,
          nicolae_shop_waterfront
D:2:      layout_loops_cross, skrybe_limestone_x, uniq_robin

Skill      XL: |  1  2  3 |
---------------+----------+-----
Maces & Flails | 3 |  3.4
Dodging        | 3 |  3.0
Armour         | 1 |  1.1
Fighting       | |  3.7
Stealth        | |  2.1

Action                   || total
-------------------------++-------
Melee: Mace              ||    20
       Whip              ||    96
 Stab: Sleeping          ||     2
Armor: Robe              ||     9
       Ring mail         ||    32
Dodge: Dodged            ||    68
